 Dungeon Sprint DCSS version 0.23.2-11-gf996548c65 (webtiles) character file.

Game seed: 5571643439823129599

11 wilfster70 the Sneak (level 2, -2/13 HPs)
             Began as a Spriggan Enchanter on June 6, 2019.
             Slain by a human (8 damage)
             ... in the Dungeon (Sprint III: "The Ten Rune Challenge").
             The game lasted 00:02:08 (351 turns).

wilfster70 the Sneak (Spriggan Enchanter)            Turns: 351, Time: 00:02:09

Health: -2/13      AC:  2    Str:  4    XL:     2   Next: 13%
Magic:  0/7        EV: 19    Int: 16    God:
Gold:   8          SH:  0    Dex: 16    Spells: 5/8 levels left

rFire    . . .     SeeInvis +   a - +1 dagger
rCold    . . .     Gourm    .   (shield restricted)
rNeg     . . .     Faith    .   b - +0 robe
rPois    .         Spirit   .   (helmet restricted)
rElec    .         Reflect  .   (no cloak)
rCorr    .         Harm     .   (gloves unavailable)
MR       .....     NoTele   +   (boots unavailable)
Stlth    +++.......             (no amulet)
HPRegen  0.04/turn              (no ring)
MPRegen  0.10/turn              (no ring)

@: very quick
A: very small, unfitting armour, see invisible, herbivore, speed 3, slow
metabolism 2
a: no special abilities


You were in the Dungeon.
You were not hungry.

You visited 1 branch You collected 8 gold pieces.

Inventory:

Hand Weapons
 a - a +1 dagger (weapon)
Armour
 b - a +0 robe (worn)
Scrolls
 j - a scroll of blinking
Potions
 e - 2 potions of curing
 f - a potion of heal wounds
 g - a potion of haste
 h - 2 potions of magic
 i - a potion of berserk rage
Comestibles
 d - a ration


   Skills:
 + Level 2.2 Short Blades
 - Level 4.0 Dodging
 + Level 5.4 Stealth
 + Level 3.5 Spellcasting
 + Level 4.3 Hexes
 + Level 0.1 Ice Magic


You had 5 spell levels left.
You knew the following spells:

 Your Spells              Type           Power        Failure   Level  Hunger
a - Corona                Hex            ###....      3%          1    None
b - Ensorcelled Hibernat  Hex/Ice        #.....       11%         2    ##.....

Your spell library contained the following spells:

 Spells                   Type           Power        Failure   Level  Hunger
 Confuse                  Hex            ###.....     9%          3    ###....
 Tukima's Dance           Hex            ###.....     9%          3    ###....
 Dazzling Spray           Conj/Hex       #.....       22%         3    ###....


Dungeon Overview and Level Annotations

Branches:
Dungeon (1/1)

Altars:


Innate Abilities, Weirdness & Mutations

You are very small and have problems with some larger weapons.
You are too small for most types of armour.
You have supernaturally acute eyesight. (SInv)
You are a herbivore.
You cover ground extremely quickly.
You need to consume almost no food.


Message History

You start resting.
Something unseen opens the door.
Casting: Ensorcelled Hibernation (safe; 11% risk of failure)
Confirm with . or Enter, or press ? or * to list all spells.
Aiming: Ensorcelled Hibernation (safe; 11% risk of failure)
Press: ? - help, Shift-Dir - straight line, f/p - human
Aim: a human (chance to defeat MR: 40%)
The human resists with some effort.
The human closely misses you. The human closely misses you.
There is an open door here.
There is an open door here.
Casting: Ensorcelled Hibernation (safe; 11% risk of failure)
Confirm with . or Enter, or press ? or * to list all spells.
Aiming: Ensorcelled Hibernation (safe; 11% risk of failure)
Press: ? - help, Shift-Dir - straight line, f/p - human
Aim: a human (chance to defeat MR: 40%)
The human resists with some effort.
The human misses you.
You barely miss the human. The human hits you!
Ouch! That really hurt!
You die...

▓.....#....≈.♣♣ ..#
▓.....#...≈≈...♣♣.#
▓.....#..≈≈≈≈♣♣...+
▓####'#..≈≈≈≈≈≈.♣.#
▓.....#.≈≈≈≈≈≈....#
▓.†p..#.≈≈≈≈≈.....#
▓.....#.≈≈≈.......#
▓'#####...........#
▓.......p@........#
▓▓▓▓▓▓▓▓▓▓▓▓▓▓▓▓▓▓▓


You could see a human.

Vanquished Creatures
  2 oozes (D)
  2 rats (D)
4 creatures vanquished.

Vanquished Creatures (others)
  2 draconian scorchers (D)
  6 hellions (D)
  2 yaktaurs (D)
10 creatures vanquished.

Grand Total: 14 creatures vanquished

Notes
Turn   | Place    | Note
-------+----------+-------------------------------------------
     0 | D        | wilfster70 the Spriggan Enchanter began the quest for the
                  | Orb.
     0 | D        | Reached XP level 1. HP: 9/9 MP: 5/5
     4 | D        | Reached skill level 5 in Stealth
    16 | D        | Reached XP level 2. HP: 6/13 MP: 5/7
    20 | D        | Learned a level 2 spell: Ensorcelled Hibernation
    32 | D        | Killed a yaktaur
   109 | D        | Killed a hellion
   112 | D        | Killed a hellion
   119 | D        | Killed a hellion
   119 | D        | Killed a hellion
   122 | D        | Killed a hellion
   145 | D        | Killed a yaktaur
   152 | D        | Killed a white draconian scorcher
   304 | D        | Killed a hellion
   304 | D        | Killed a white draconian scorcher
   351 | D        | Slain by a human

Skill      XL: |  1 |
---------------+----+-----
Stealth        | 5 |  5.4
Spellcasting   | 3 |  3.5
Hexes          | 4 |  4.3
Short Blades   | 2 |  2.2
Dodging        | 4 |  4.0
Ice Magic      | |  0.1

Action                   || total
-------------------------++-------
Melee: Dagger            ||    14
 Cast: Corona            ||     1
       Ensorcelled Hiber ||     6
 Stab: Sleeping          ||     3
Dodge: Dodged            ||    16
